 Dungeon Crawl Stone Soup version 0.30-a0-23-ge60ba3568b (webtiles) character file.

Game seed: 14242143101683134639

363 Pilot the Magician (level 6, -6/48 HPs)
             Began as a Deep Elf Hedge Wizard on Aug 24, 2022.
             Mangled by a bullfrog (8 damage)
             ... in a sewer.
             The game lasted 00:45:26 (3013 turns).

Pilot the Magician (Deep Elf Hedge Wizard)          Turns: 3013, Time: 00:45:26

Health: -6/48      AC:  3    Str:  7    XL:     6   Next: 39%
Magic:  12/16      EV: 14    Int: 19    God:
Gold:   153        SH:  0    Dex: 22    Spells: 12/16 levels left

rFire   + . .      SeeInvis .    w - +2 quarterstaff (chaos)
rCold   x . .      Faith    .    (shield currently unavailable)
rNeg    . . .      Spirit   .    b - +0 robe
rPois   .          Reflect  .    c - +0 hat
rElec   .          Harm     .    v - +0 cloak
rCorr   .          Rampage  .    (no gloves)
Will    .....                    (no boots)
Stlth   ..........               (no amulet)
HPRegen 0.16/turn                k - ring of fire
MPRegen 0.15/turn                G - +6 ring of dexterity

@: berserking, very quick
A: no striking features
a: no special abilities


You were in a sewer.
You visited 1 branch of the dungeon, and saw 4 of its levels.
You also visited: Sewer.

You collected 153 gold pieces.

Inventory:

Hand Weapons
 a - a +0 dagger
 e - a +0 dagger of speed
 f - a +2 dagger of electrocution
 m - a +0 short sword of flaming
 w - a +2 quarterstaff of chaos (weapon)
 E - a +1 dagger of draining
Missiles
 o - 5 javelins
 q - 4 poisoned darts
Armour
 b - a +0 robe (worn)
 c - a +0 hat (worn)
 r - a scarf of repulsion
 u - a +3 scale mail of positive energy
 v - a +0 cloak (worn)
 y - a +0 helmet
 D - a +0 buckler
Jewellery
 k - a ring of fire (left hand)
 G - a +6 ring of dexterity (right hand)
Scrolls
 g - 2 scrolls of vulnerability {unknown}
 n - 2 scrolls of fear {unknown}
 p - a scroll of blinking
 z - 2 scrolls of butterflies {unknown}
 A - a scroll of acquirement {unknown}
 B - a scroll of enchant weapon {unknown}
 C - a scroll of teleportation {unknown}
 F - a scroll of identify {unknown}
Potions
 d - a potion of magic
 h - 2 potions of brilliance
 i - a potion of ambrosia {unknown}
 j - a potion of haste {unknown}
 s - a potion of berserk rage
 t - a potion of mutation {unknown}
 x - a potion of degeneration {unknown}


   Skills:
 + Level 3.8 Dodging
 + Level 4.2 Stealth
 + Level 5.6 Spellcasting
 + Level 2.8 Conjurations
 + Level 3.1 Summonings
 + Level 3.1 Translocations


You had 12 spell levels left.
You knew the following spells:

 Your Spells              Type           Power      Damage    Failure   Level
a - Magic Dart            Conj           64%        1d6       3%          1
b - Call Imp              Summ           17%        N/A       4%          2
c - Slow                  Hex            20%        N/A       12%         1

Your spell library contained the following spells:

 Spells                   Type           Power      Damage    Failure   Level
 Blink                    Tloc           34%        N/A       4%          2
 Conjure Flame            Conj/Fire      16%        6-21      21%         3
 Mephitic Cloud           Conj/Pois/Air  8%         N/A       24%         3
 Summon Lightning Spire   Summ/Air       11%        N/A       52%         4
 Airstrike                Air            2%         2d(1-17)  75%         4
 Lightning Bolt           Conj/Air       5%         1d17      88%         5


Dungeon Overview and Level Annotations

Branches:
Dungeon (4/15)              Sewer (1/1)
 Temple: D:4-7

Altars:

Shops:
D:3 =


Message History

Your iron imp completely misses the frilled lizard.
The bullfrog hits your iron imp.
You closely miss the bullfrog.
The bullfrog is almost dead.
The bullfrog closely misses you. x2
The bullfrog hits your iron imp but does no damage.
The bullfrog hits you!
* * * LOW HITPOINT WARNING * * *
The frilled lizard barely misses your iron imp.
Your iron imp splashes around in the water.
The bullfrog barely misses your iron imp.
You feel much better. The bullfrog hits you! The bullfrog hits you.
The bullfrog releases a deep croak.
The bullfrog barely misses your iron imp.
The frilled lizard barely misses your iron imp.
Your iron imp splashes around in the water.
You closely miss the bullfrog.
The bullfrog is almost dead.
The bullfrog hits you. The bullfrog closely misses you.
The bullfrog hits your iron imp.
The frilled lizard bites your iron imp but does no damage.
The bullfrog hits you.
The bullfrog barely misses your iron imp.
Your iron imp hits the frilled lizard.
The frilled lizard dies!
You closely miss the bullfrog.
The bullfrog is almost dead.
The bullfrog hits you.
* * * LOW HITPOINT WARNING * * *
The bullfrog hits you.
* * * LOW HITPOINT WARNING * * *
The bullfrog hits your iron imp. The bullfrog hits you.
* * * LOW HITPOINT WARNING * * *
The bullfrog hits your iron imp.
Your iron imp dies!
Your iron imp disappears in a puff of smoke!
It was a potion of berserk rage.
A red film seems to cover your vision as you go berserk!
You feel yourself moving faster!
You feel mighty! The bullfrog hits you!
You die...

#~~~##~~~~~~~##~~##
##~~##~~.~~~~~.##~~##
#~.~#~~~~~~†~~~†.~.~#
#~.##~~~#######~.~~~#
#.~#~~~##≈~~~~###~#######
~~~#~~##≈~..~~~F###.~~.~#
~.##~.# ~~.B~.†B~.#~.~~~#
~~#~.## ..?~.F##F.#~~††~#
~~#~~# .[/$~ #@~#~~#.~#
~~#~~# .$B~ #.~#.~#~~#
~.#~~# ~?l #~~##.#~.#
~~#~~# ~. #~~.#~#~~#
.~#~~# . #~.∩#†#~~#
~~#~.## ##~~~#~#~~#
..##†~# #~~###†#.~#
~~~#~~## ##.~#~~~#~.#
#..#~~.## ##~~~#~~##.##


You could see 2 bullfrogs and a giant cockroach.

Vanquished Creatures
  A bullfrog (Sewer)
  An orc priest (D:4)
  Crazy Yiuf (D:2)
  Terence (D:2)
  Robin (D:3)
  7 adders
  A river rat (D:4)
  2 orcs (D:4)
  12 endoplasms
  18 giant cockroaches
  10 goblins
  4 hobgoblins
  4 jackals (D:1)
  6 kobolds
  13 quokkas
  16 ball pythons
  4 bats
  13 frilled lizards
  6 rats
121 creatures vanquished.

Vanquished Creatures (collateral kills)
  A dart slug (D:3)
  A ball python (D:4)
  An endoplasm (Sewer)
  A quokka (Sewer)
  A frilled lizard (Sewer)
5 creatures vanquished.

Grand Total: 126 creatures vanquished

Notes
Turn   | Place    | Note
-------+----------+-------------------------------------------
     0 | D:1      | Pilot the Deep Elf Hedge Wizard began the quest for the
                  | Orb.
     0 | D:1      | Reached XP level 1. HP: 10/10 MP: 7/7
   198 | D:1      | Reached XP level 2. HP: 14/15 MP: 2/9
   253 | D:1      | Found a faded altar of an unknown god.
   472 | D:1      | Reached XP level 3. HP: 14/19 MP: 11/11
  1213 | D:2      | Reached XP level 4. HP: 24/24 MP: 9/12
  1294 | D:2      | Noticed Terence
  1374 | D:1      | Learned a level 2 spell: Call Imp
  1376 | D:1      | Learned a level 1 spell: Slow
  1491 | D:2      | Killed Terence
  1583 | D:2      | Reached skill level 5 in Spellcasting
  1669 | D:2      | Found a runed translucent door.
  1670 | D:2      | Noticed Crazy Yiuf
  1693 | D:2      | Killed Crazy Yiuf
  1694 | D:2      | Reached XP level 5. HP: 20/28 MP: 2/14
  1932 | D:3      | Noticed Robin
  1941 | D:3      | Killed Robin
  1976 | D:3      | Found Jub Rab's Jewellery Shoppe.
  2696 | D:4      | Found a glowing drain.
  2760 | Sewer    | Entered a sewer
  2817 | Sewer    | Reached XP level 6. HP: 32/32 MP: 4/16
  3012 | Sewer    | HP: 1/32 [bullfrog (4)]
  3013 | Sewer    | Mangled by a bullfrog

Illustrated notes

Levels and vault maps discovered:
D:1:      minmay_arrival_four_houses, layout_basic, serial_glass,
          glass_columns_c, glass_columns_a, ebering_ecumenical_altar_hall,
          chequers_serial_rivers_small_3
D:2:      layout_basic, uniq_crazy_yiuf_cottage, uniq_terence
D:3:      layout_basic, serial_shops, nicolae_shop_waterfront, uniq_robin
D:4:      layout_cave_pools, lemuel_coloured_pillars_altar, portal_sewer_entry_a
Sewer:    sewer_frog_island_02

Skill      XL: |  1  2  3  4  5  6 |
---------------+-------------------+-----
Stealth        | 3 4 |  4.2
Translocations | 2 3 |  3.1
Dodging        | 3 |  3.8
Summonings     | 2 3 |  3.1
Conjurations   | 2 |  2.8
Spellcasting   | 5 |  5.6

Action                   |  1- 3 |  4- 6 || total
-------------------------+-------+-------++-------
Melee: Dagger            |    83 |    22 ||   105
       Quarterstaff      |       |   100 ||   100
 Cast: Magic Dart        |    52 |    89 ||   141
       Call Imp          |       |    11 ||    11
       Slow              |       |     2 ||     2
  Use: Potion            |     3 |     4 ||     7
 Stab: Sleeping          |     1 |     3 ||     4
Armor: Robe              |     5 |    18 ||    23
       Scale mail        |       |     8 ||     8
Dodge: Dodged            |    55 |   101 ||   156

Table legend: (Time is in decaauts)
 A = Elapsed time spent in this place.
 B = Non-inter-level travel time spent in this place.
 C = Inter-level travel time spent in this place.
 D = Time resting spent in this place.
 E = Time spent auto-exploring this place.
 F = Levels seen in this place.
 G = Mean time per level.
                   A        B        C        D        E       F      G
               +--------+--------+--------+--------+--------+-----+--------+
         Total |   3088 |   1276 |   1812 |      0 |      0 |   5 |  617.6 |
       Dungeon |   2770 |    958 |   1812 |      0 |      0 |   4 |  692.5 |
         Sewer |    317 |    317 |      0 |      0 |      0 |   1 |  317.0 |
               +--------+--------+--------+--------+--------+-----+--------+

Top non-repeatable levels by time:
     D:2: 1046 daAuts
     D:1: 852 daAuts
     D:3: 664 daAuts
   Sewer: 317 daAuts
     D:4: 206 daAuts
